 Dungeon Crawl Stone Soup version 0.30.1-11-g7821555f0a (webtiles) character file.

Game seed: 9667201099284944436

4823 Groucho the Covert (level 10, 0/53 HPs)
             Began as a Spriggan Hunter on Nov 15, 2023.
             Was a Priest of Dithmenos.
             Shot with a sling bullet by Joseph (15 damage)
             ... on level 8 of the Dungeon.
             The game lasted 00:23:16 (14776 turns).

Groucho the Covert (Spriggan Hunter)               Turns: 14776, Time: 00:23:17

Health: 0/53       AC:  2    Str:  7    XL:     10   Next: 25%
Magic:  5/15       EV: 27    Int: 15    God:    Dithmenos [***...]
Gold:   467        SH:  0    Dex: 25    Spells: 9/14 levels left

rFire   + . .        a - +0 shortbow
rCold   + . .        (shield currently unavailable)
rNeg    . . .        c - +0 robe
rPois   +            (helmet restricted)
rElec   .            D - scarf {rC+ rF+}
rCorr   .            (gloves unavailable)
SInv    +            (boots unavailable)
Will    +....        (no amulet)
Stlth   +++++++      v - +6 ring of dexterity
HPRegen 0.28/turn    A - ring of poison resistance
MPRegen 0.14/turn

%: no passive effects
@: wreathed by umbra, very quick
A: very small, no large weapons, unfitting armour, see invisible, speed 3
a: Renounce Religion, Shadow Step


You were on level 8 of the Dungeon.
You worshipped Dithmenos.
Dithmenos was most pleased with you.
You visited 2 branches of the dungeon, and saw 10 of its levels.
You also visited: Sewer.

You collected 467 gold pieces.

Inventory:

Hand Weapons
 a - a +0 shortbow (weapon)
 u - a +2 vampiric dagger
Armour
 c - a +0 robe (worn)
 D - a scarf of resistance (worn)
Jewellery
 k - an amulet of faith
 v - a +6 ring of dexterity (left hand)
 A - a ring of poison resistance (right hand)
Wands
 E - a wand of flame (34)
 H - a wand of iceblast (6)
Scrolls
 b - a scroll of immolation
 d - 2 scrolls of noise {unknown}
 e - 7 scrolls of teleportation
 f - 2 scrolls of vulnerability {unknown}
 i - 2 scrolls of amnesia {unknown}
 m - 5 scrolls of identify {unknown}
 n - 2 scrolls of magic mapping {unknown}
 r - a scroll of butterflies {unknown}
 t - a scroll of silence {unknown}
 w - a scroll of poison {unknown}
 x - a scroll of fear {unknown}
 y - a scroll of enchant weapon {unknown}
 z - 3 scrolls of enchant armour {unknown}
 B - 2 scrolls of fog {unknown}
Potions
 g - 2 potions of lignification {unknown}
 h - 3 potions of curing
 j - 3 potions of might {unknown}
 l - 3 potions of attraction {unknown}
 o - 2 potions of haste {unknown}
 p - a potion of brilliance {unknown}
 q - a potion of magic {unknown}
 s - a potion of flight {unknown}
 C - 2 potions of invisibility {unknown}
 F - a potion of heal wounds
 G - a potion of cancellation {unknown}


   Skills:
 + Level 6.0 Fighting
 * Level 8.4 Ranged Weapons
 + Level 9.4 Dodging
 + Level 10.8 Stealth
 + Level 2.7 Spellcasting
 * Level 2.3 Conjurations
 + Level 2.7 Hexes
 + Level 1.7 Ice Magic


You had 9 spell levels left.
You knew the following spells:

 Your Spells              Type           Power      Damage    Failure   Level
a - Ensorcelled Hibernat  Hex/Ice        16%        N/A       12%         2
b - Dazzling Flash        Conj/Hex       18%        N/A       22%         3

Your spell library contained the following spells:

 Spells                   Type           Power      Damage    Failure   Level
 Spider Form              Tmut/Pois      2%         N/A       52%         3
 Anguish                  Hex/Necr       3%         N/A       75%         4
 Silence                  Hex/Air        3%         N/A       97%         5
 Agony                    Necr           2%         N/A       99%         5


Dungeon Overview and Level Annotations

Branches:
Dungeon (9/15)             Temple (1/1) D:4           Sewer (visited)
   Lair: D:8-11         Orc: D:9-12

Altars:
Ashenzari
Cheibriados
Dithmenos
Elyvilon
Gozag
Hepliaklqana
Kikubaaqudgha
Makhleb
Nemelex Xobeh
Okawaru
Qazlal
Ru
Sif Muna
Trog
Uskayaw
Vehumet
Wu Jian
Xom
Yredelemnul
Zin
The Shining One

Annotations:
D:4 Eustachio
D:8 Joseph


Innate Abilities, Weirdness & Mutations

You are very small and have problems with some larger weapons.
You are too small for most types of armour.
You have supernaturally acute eyesight. (SInv)
You cover ground extremely quickly. (Speed+++)


Message History

Aim: Joseph, wielding a +0 antimagic sling, wearing a +0 leather armour and carrying a wand of light (1) (moderately wounded, umbra, 71% to hit)
You shoot an arrow. The arrow hits Joseph.
Joseph is heavily wounded.
Joseph shoots a sling bullet.
The sling bullet completely misses you.
Fire: a) +0 shortbow
Press: ? - help, Q - select action, (/) - cycle Shift-Dir - straight line, f/p - Joseph
Aim: Joseph, wielding a +0 antimagic sling, wearing a +0 leather armour and carrying a wand of light (1) (heavily wounded, umbra, 71% to hit)
You shoot an arrow.
The arrow hits Joseph but does no damage.
Joseph is heavily wounded.
Joseph shoots a sling bullet.
The sling bullet hits you!
* * * LOW HITPOINT WARNING * * *
You feel your power leaking away.
Unknown command.
You feel better.
Joseph shoots a sling bullet.
The sling bullet completely misses you.
Unknown command.
Unknown command.
Fire: a) +0 shortbow
Press: ? - help, Q - select action, (/) - cycle Shift-Dir - straight line, f/p - Joseph
Aim: Joseph, wielding a +0 antimagic sling, wearing a +0 leather armour and carrying a wand of light (1) (heavily wounded, umbra, 71% to hit)
You shoot an arrow. The arrow closely misses Joseph.
Joseph shouts, "Wow!"
Joseph shoots a sling bullet.
The sling bullet barely misses you.
Unknown command.
Unknown command.
Fire: a) +0 shortbow
Press: ? - help, Q - select action, (/) - cycle Shift-Dir - straight line, f/p - Joseph
Aim: Joseph, wielding a +0 antimagic sling, wearing a +0 leather armour and carrying a wand of light (1) (heavily wounded, umbra, 71% to hit)
You shoot an arrow. The arrow closely misses Joseph.
Joseph shoots a sling bullet.
The sling bullet barely misses you.
Unknown command.
Fire: a) +0 shortbow
Press: ? - help, Q - select action, (/) - cycle Shift-Dir - straight line, f/p - Joseph
Aim: Joseph, wielding a +0 antimagic sling, wearing a +0 leather armour and carrying a wand of light (1) (heavily wounded, umbra, 71% to hit)
You shoot an arrow.
The arrow hits Joseph but does no damage.
Joseph is heavily wounded.
Joseph shoots a sling bullet.
The sling bullet hits you!
You die...

♣.....♣♣ ##..#######.#.#.
...P...♣♣♣♣# #...# #.#.#.
...~.......# ###.#.#######.#.#.
.......♣♣♣♣# #.....#<..........
♣.....♣♣ #.#...#######.#.##
###.######### ##.###..# #.#...
............###.§# #..######.###.
............#§§.####.>.......###.
..######.....§.§@§@..............
#(# #.###########.############
#.# #)# #.############ #.# #)#
#............. #.# #.#
#############. #.# #)# #. #.# #.#
#. #.# #)# #. #.# #)# #.


You could see Joseph.

Vanquished Creatures
  A hornet (D:6)
  Prince Ribbit (D:7)
  A snapping turtle (shapeshifter) (D:8)
  Grum (D:8)
  4 yaks (D:8)
  Menkaure (D:7)
  A water moccasin (D:8)
  2 sky beasts
  3 ice beasts (D:6)
  An ogre (D:5)
  2 wolves (D:8)
  A phantom (D:5)
  4 kobold brigands
  4 bullfrogs
  2 gnoll sergeants
  3 scorpions
  A wight (D:8)
  6 killer bees (D:8)
  2 howler monkeys
  3 hounds
  3 jellies (D:7)
  7 orc priests
  3 gnoll boudas
  7 iguanas
  9 orc wizards
  A sleepcap (D:5)
  9 adders
  16 gnolls
  3 river rats
  A shadow imp (D:6)
  4 worms
  32 orcs
  12 endoplasms
  2 giant cockroaches
  9 goblins
  11 hobgoblins
  6 jackals
  20 kobolds
  3 quokkas
  7 ball pythons
  8 bats
  8 frilled lizards
  13 rats
238 creatures vanquished.

Notes
Turn   | Place    | Note
-------+----------+-------------------------------------------
     0 | D:1      | Groucho the Spriggan Hunter began the quest for the Orb.
     0 | D:1      | Reached XP level 1. HP: 10/10 MP: 2/2
    83 | D:1      | Reached skill level 2 in Stealth
   135 | D:1      | Reached XP level 2. HP: 12/15 MP: 3/3
   570 | D:1      | Reached XP level 3. HP: 18/18 MP: 4/4
  1049 | D:2      | Reached skill level 3 in Stealth
  2108 | D:3      | Reached XP level 4. HP: 23/23 MP: 5/5
  2298 | D:3      | Found a glowing drain.
  2303 | Sewer    | Entered a sewer
  2714 | Sewer    | Reached skill level 4 in Stealth
  2714 | Sewer    | Reached XP level 5. HP: 27/27 MP: 6/6
  3654 | D:3      | Found an iron altar of Okawaru.
  4840 | D:3      | Found a snail-covered altar of Cheibriados.
  4873 | D:4      | Reached skill level 5 in Ranged Weapons
  4873 | D:4      | Reached XP level 6. HP: 30/32 MP: 7/7
  5053 | D:4      | Found a staircase to the Ecumenical Temple.
  5071 | Temple   | Entered the Ecumenical Temple
  5279 | Temple   | Became a worshipper of Dithmenos the Shadowed
  5413 | D:4      | Reached skill level 5 in Stealth
  5422 | D:4      | Noticed Eustachio
  5988 | D:4      | Reached skill level 5 in Dodging
  6334 | D:5      | Entered Level 5 of the Dungeon
  7831 | D:5      | Identified the +2 scale mail of Pemakh {Regen+ rCorr
                  | Stlth+}
  8294 | D:5      | Reached skill level 6 in Stealth
  8294 | D:5      | Reached XP level 7. HP: 36/36 MP: 8/8
  8544 | D:5      | Found an ornate altar of the Wu Jian Council.
  9035 | D:6      | Reached * piety under Dithmenos
  9061 | D:6      | Noticed a hornet
  9072 | D:6      | Killed a hornet
  9073 | D:6      | Reached skill level 7 in Stealth
  9073 | D:6      | Reached XP level 8. HP: 35/42 MP: 9/9
  9186 | D:6      | Reached skill level 8 in Stealth
  9951 | D:6      | Reached skill level 9 in Stealth
  9984 | D:6      | Reached skill level 5 in Fighting
 10153 | D:7      | Reached XP level 9. HP: 47/47 MP: 10/10
 10580 | D:7      | Reached ** piety under Dithmenos
 10678 | D:7      | Noticed Prince Ribbit
 10687 | D:7      | Killed Prince Ribbit
 10799 | D:7      | Noticed Menkaure
 10803 | D:7      | Killed Menkaure
 10804 | D:7      | Reached skill level 10 in Stealth
 11172 | D:7      | Learned a level 2 spell: Ensorcelled Hibernation
 11176 | D:7      | Learned a level 3 spell: Dazzling Flash
 11550 | D:8      | Reached skill level 1 in Spellcasting
 11556 | D:8      | Reached skill level 1 in Hexes
 11622 | D:8      | Reached skill level 1 in Conjurations
 11750 | D:8      | Reached skill level 1 in Ice Magic
 11982 | D:8      | Noticed Grum
 12002 | D:8      | Killed Grum
 12003 | D:8      | Reached XP level 10. HP: 36/53 MP: 9/14
 12269 | D:8      | Noticed a catoblepas
 12398 | D:8      | Noticed a tengu warrior
 14020 | D:8      | Reached *** piety under Dithmenos
 14758 | D:8      | Noticed Joseph
 14776 | D:8      | Shot with a sling bullet by Joseph

Illustrated notes

Levels and vault maps discovered:
D:1:      dpeg_arrival_arbitrary_c, layout_basic, serial_curves, eino_curves_04,
          eino_curves_02, minmay_misc_feat_cross, minmay_indecisive_spiral
D:2:      layout_loops_ring, kennysheep_generic_room_8
D:3:      layout_basic, mainiacjoe_overflow_swirl, gup_sewer_entry_bowl,
          minmay_vboxes
D:4:      layout_cave_pods, minmay_temple_entry_trees,
          minmay_fractal_squares_gapless_5, uniq_eustachio
D:5:      layout_loops_cross, nzn_wu_jian_contemplation
D:6:      layout_loops_ring
D:7:      layout_cave_pods, uniq_menkaure, uniq_prince_ribbit1
D:8:      nzn_winding_woodlands_cross [nzn_winding_woodlands_5x15_garden,
          nzn_winding_woodlands_5x15_eye, nzn_winding_woodlands_5x15_cabin,
          nzn_winding_woodlands_5x15_zeroes,
          nzn_winding_woodlands_15x15_boxy_spiral], layout_basic, uniq_joseph,
          uniq_grum
D:9:      layout_rooms, lemuel_tele_altar, erik_lair_orcish_takeover,
          serial_glass, glass_columns_b, glass_columns_a, glass_columns_b,
          glass_columns_b, glass_columns_c, glass_columns_a, glass_columns_c,
          glass_columns_a, special_room [special_room_bee]
Temple:   mainiacjoe_temple_bowtie_tessellation

Skill      XL: |  1  2  3  4  5  6  7  8  9 10 |
---------------+-------------------------------+-----
Stealth        | 2 3 4 6 7 9 10 | 10.8
Dodging        | 3 4 5 6 8 9 |  9.4
Fighting       | 2 3 4 5 6 |  6.0
Ranged Weapons | 5 6 7 8 |  8.4
Spellcasting   | 2 |  2.7
Hexes          | 2 |  2.7
Conjurations   | 1 2 |  2.3
Ice Magic      | 1 |  1.7

Action                     |  1- 3 |  4- 6 |  7- 9 | 10-12 || total
---------------------------+-------+-------+-------+-------++-------
  Melee: Dagger            |       |     8 |     2 |     1 ||    11
   Fire: Shortbow          |   137 |   322 |   405 |   152 ||  1016
   Cast: Ensorcelled Hiber |       |       |     3 |     1 ||     4
    Use: Potion            |       |     1 |     2 |     2 ||     5
         Scroll            |       |     1 |       |       ||     1
   Stab: Sleeping          |       |     1 |     2 |     1 ||     4
 Armour: Robe              |     5 |     8 |     6 |     2 ||    21
  Dodge: Dodged            |    38 |   153 |   136 |   120 ||   447
